 Dungeon Crawl Stone Soup version 0.24-a0-493-g7e4ddcd485 (webtiles) character file.

Game seed: 10111436348301902235

175 Gwenloh the Poker (level 5, -8/42 HPs)
             Began as a Merfolk Gladiator on July 12, 2019.
             Killed by divine providence
             ... invoked by an orc priest
              (11 damage)
             ... on level 2 of the Dungeon.
             The game lasted 00:09:39 (2271 turns).

Gwenloh the Poker (Merfolk Gladiator)               Turns: 2271, Time: 00:09:40

Health: -8/42      AC:  7    Str: 14    XL:     5   Next: 55%
Magic:  5/5        EV: 14    Int:  8    God:
Gold:   129        SH:  0    Dex: 16    Spells: 4/4 levels left

rFire    . . .     SeeInvis .   a - +0 trident
rCold    . . .     Gourm    .   (no shield)
rNeg     . . .     Faith    .   h - +1 ring mail
rPois    .         Spirit   .   c - +0 helmet
rElec    .         Reflect  .   (no cloak)
rCorr    .         Harm     .   (no gloves)
MR       .....                  (no boots)
Stlth    +.........             (no amulet)
HPRegen  0.14/turn              (no ring)
MPRegen  0.09/turn              (no ring)

@: no status effects
A: change form in water, swift swim, stealthy swim
a: no special abilities


You were on level 2 of the Dungeon.
You were hungry.

You visited 1 branch of the dungeon, and saw 3 of its levels.

You collected 129 gold pieces.

Inventory:

Hand Weapons
 a - a +0 trident (weapon)
Missiles
 l - 12 poisoned darts (quivered)
Armour
 b - a +0 leather armour
 c - a +0 helmet (worn)
 h - a +1 ring mail (worn)
Scrolls
 i - a scroll of remove curse
Potions
 d - a potion of invisibility
 m - a potion of berserk rage
 r - a potion of flight {unknown}
 s - a potion of agility {unknown}
Comestibles
 f - a ration
 g - a chunk of flesh


   Skills:
 + Level 3.9 Fighting
 + Level 6.2 Polearms
 - Level 2.0 Throwing
 + Level 5.6 Dodging


You had 4 spell levels left.
You didn't know any spells.
Your spell library was empty.

Dungeon Overview and Level Annotations

Branches:
Dungeon (3/15)

Altars:
Okawaru
Trog


Message History

The orc priest closely misses you.
You closely miss the orc priest.
The orc priest is moderately wounded.
You are feeling hungry.
The orc priest hits you but does no damage.
You hit the orc priest.
The orc priest is severely wounded.
The orc priest hits you.
* * * LOW HITPOINT WARNING * * *
You barely miss the orc priest.
The orc priest is severely wounded.
The orc priest closely misses you.
You closely miss the orc priest.
The orc priest is severely wounded.
The orc priest closely misses you.
You barely miss the orc priest.
The orc priest is severely wounded.
The orc priest calls down the wrath of Beogh upon you.
Beogh smites you!
You die...

#.######........##.###
#.# ###.#.#.###....
#.# ##.##.# ####.
#.##### ####.# #.
#.....# ##'## #.
#####.# ##...## #.
##.# ##.....## #.
##..# ##...<...###[
##..@####..(......##.
##..o....'.........'..
#........#.........###
#.##..##.##.......##
#.###.##.###...(.##
#.# #.##.# ##...## #.#
#.##.# ##+##
#.###.##.# #.#####
#........# #.....#


You could see an orc priest.

Vanquished Creatures
  A bullfrog (D:2)
  4 adders (D:2)
  2 dart slugs (D:1)
  2 leopard geckos
  An orc (D:3)
  5 giant cockroaches
  4 goblins
  7 hobgoblins
  12 jackals
  2 quokkas (D:2)
  A ball python (D:2)
  A bat (D:1)
  7 frilled lizards
  5 kobolds
  7 rats
61 creatures vanquished.

Notes
Turn   | Place    | Note
-------+----------+-------------------------------------------
     0 | D:1      | Gwenloh the Merfolk Gladiator began the quest for the Orb.
     0 | D:1      | Reached XP level 1. HP: 16/16 MP: 1/1
   136 | D:1      | Reached XP level 2. HP: 23/23 MP: 2/2
   548 | D:1      | Reached skill level 5 in Polearms
   548 | D:1      | Reached XP level 3. HP: 28/28 MP: 3/3
  1175 | D:2      | Reached skill level 5 in Dodging
  1175 | D:2      | Reached XP level 4. HP: 35/35 MP: 4/4
  1349 | D:2      | Found an iron altar of Okawaru.
  1378 | D:2      | Noticed a bullfrog
  1385 | D:2      | Killed a bullfrog
  1385 | D:2      | Reached skill level 6 in Polearms
  1385 | D:2      | Reached XP level 5. HP: 40/42 MP: 5/5
  1781 | D:2      | Found a bloodstained altar of Trog.
  2271 | D:2      | Killed from afar by an orc priest

Levels and vault maps discovered:
D:1:      dpeg_arrival_orchard, layout_basic
D:2:      layout_loops_corners, lemuel_round_altar, okawaru_trees_2
D:3:      layout_rooms, chequers_hall_statues_corner_a

Skill      XL: |  1  2  3  4 |
---------------+-------------+-----
Polearms       | 5 6 |  6.2
Fighting       | 3 |  3.9
Dodging        | 5 |  5.6
Throwing       | |  2.0

Action                   |  1- 3 |  4- 6 || total
-------------------------+-------+-------++-------
Melee: Trident           |    98 |    98 ||   196
Throw: Throwing net      |     5 |       ||     5
       Dart              |       |     4 ||     4
  Use: Scroll            |       |    10 ||    10
 Stab: Held in net/web   |     1 |       ||     1
  Eat: Chunk             |     1 |     3 ||     4
Armor: Leather armour    |     5 |       ||     5
       Ring mail         |    10 |    24 ||    34
Dodge: Dodged            |    36 |    66 ||   102

Table legend:
 A = Non-vault XP
 B = Vault XP
 C = Vault XP percentage of total XP
 D = Non-vault monster count
 E = Vault monster count
 F = Vault count percentage of total count
                 A         B        C        D         E       F
            +---------+---------+-------+---------+---------+-------
      Total |     251 |       0 |   0.0 |      61 |       0 |   0.0
            +---------+---------+-------+---------+---------+-------
        D:1 |      55 |       0 |   0.0 |      30 |       0 |   0.0
        D:2 |     192 |       0 |   0.0 |      29 |       0 |   0.0
        D:3 |       4 |       0 |   0.0 |       2 |       0 |   0.0
            +---------+---------+-------+---------+---------+-------
